 Dungeon Crawl Stone Soup version 0.26.0-18-gc5c842f807 (webtiles) character file.

Game seed: 1514926709537605586

148597 Kejsarherre the Severer (level 16, 0/133 (157) HPs)
             Began as a Minotaur Fighter on Jan 22, 2021.
             Slain by Mara (illusionary)
             ... wielding a +2 demon trident of draining
              (2 damage)
             ... on level 4 of the Snake Pit.
             The game lasted 01:52:49 (33226 turns).

Kejsarherre the Severer (Minotaur Fighter)         Turns: 33226, Time: 01:52:50

HP:   0/133 (157)   AC: 23    Str: 25    XL:     16   Next: 94%
MP:   0/15          EV: 17    Int:  7    God:
Gold: 1860          SH: 15    Dex: 16    Spells: 15/15 levels left

rFire    . . .     SeeInvis .   C - +1 broad axe (flame)
rCold    + . .     Faith    .   c - +0 kite shield
rNeg     + . .     Spirit   +   R - +0 chain mail {Will+}
rPois    +         Reflect  .   M - +2 hat of Cogeq {*Corrode rElec rPois Slay+3}
rElec    +         Harm     .   H - +0 cloak {rCorr}
rCorr    +         Rampage  .   S - +3 pair of gauntlets of War {Slay+5}
Will     ++...                  Z - +1 pair of boots
Stlth    ..........             w - amulet of guardian spirit
HPRegen  0.32/turn              K - ring "Eplet" {rC+ AC+4 Str+3 Int+2}
MPRegen  0.14/turn              U - ring of Qisyrph {+Blink rN+}

@: brilliant, corroded, heavily drained
A: retaliatory headbutt, horns 2
a: Evoke Blink


You were on level 4 of the Snake Pit.
You visited 3 branches of the dungeon, and saw 24 of its levels.
You also visited: Bailey and Gauntlet.

You collected 2044 gold pieces.
You spent 184 gold pieces at shops.

Inventory:

Hand Weapons
 C - a +1 broad axe of flaming (weapon)
Missiles
 A - 69 boomerangs
 X - 17 silver javelins
Armour
 c - a +0 kite shield (worn)
 H - a +0 cloak of preservation (worn)
 M - the +2 hat of Cogeq (worn) {*Corrode rElec rPois Slay+3}
   (You found it in a Gauntlet)

   It affects your accuracy and damage with ranged weapons and melee attacks
   (+3).
   It insulates you from electricity.
   It protects you from poison.
   It may corrode you when you take damage.
 R - a +0 chain mail of willpower (worn)
 S - the +3 pair of gauntlets of War (worn) {Slay+5}
   (You found it on level 4 of the Snake Pit)

   It affects your accuracy and damage with ranged weapons and melee attacks
   (+5).
 Z - a +1 pair of boots (worn)
Jewellery
 w - an amulet of guardian spirit (around neck)
 K - the ring "Eplet" (left hand) {rC+ AC+4 Str+3 Int+2}
   (You found it in a Gauntlet)

   [ring of protection]

   It affects your AC (+4).
   It affects your strength (+3).
   It affects your intelligence (+2).
   It protects you from cold.
 T - an uncursed ring of stealth {unknown}
 U - the ring of Qisyrph (right hand) {+Blink rN+}
   (You took it off a minotaur in a Gauntlet)

   [ring of positive energy]

   It protects you from negative energy.
   It lets you blink.
Wands
 a - a wand of iceblast (24)
 N - a wand of acid (2) (quivered)
 W - a wand of disintegration (27)
Scrolls
 b - 4 scrolls of fog {unknown}
 d - 5 scrolls of holy word {unknown}
 h - 16 scrolls of teleportation {unknown}
 j - 12 scrolls of enchant armour {unknown}
 k - 21 scrolls of identify {unknown}
 l - 7 scrolls of remove curse {unknown}
 m - 6 scrolls of enchant weapon {unknown}
 n - 3 scrolls of immolation {unknown}
 q - 3 scrolls of torment {unknown}
 t - a scroll of fear {unknown}
 u - 6 scrolls of magic mapping {unknown}
 v - 2 scrolls of acquirement {unknown}
 y - 3 scrolls of noise {unknown}
 D - 2 scrolls of amnesia {unknown}
 F - 2 scrolls of vulnerability {unknown}
 I - a scroll of summoning {unknown}
Potions
 e - 5 potions of degeneration {unknown}
 f - 2 potions of lignification {unknown}
 i - 21 potions of curing
 o - a potion of might
 p - 11 potions of heal wounds {unknown}
 r - 7 potions of haste
 s - 2 potions of invisibility {unknown}
 x - 6 potions of brilliance
 z - 2 potions of resistance {unknown}
 B - 6 potions of mutation {unknown}
 G - 5 potions of flight {unknown}
 J - 7 potions of ambrosia {unknown}
 O - a potion of attraction {unknown}
 Q - 5 potions of magic {unknown}
Miscellaneous
 g - a phantom mirror (inert)
 E - a condenser vane (inert)
 L - a box of beasts (inert)
 P - a tin of tremorstones (2/2)
 Y - a phial of floods


   Skills:
 - Level 18.0 Fighting
 - Level 20.0 Axes
 - Level 5.0 Throwing
 - Level 13.4 Armour
 - Level 13.0 Dodging
 - Level 15.0 Shields
 + Level 6.1 Evocations


You had 15 spell levels left.
You didn't know any spells.
Your spell library contained the following spells:

 Spells                   Type           Power        Failure   Level
 Apportation              Tloc           0%           89%         1
 Corona                   Hex            0%           89%         1
 Freeze                   Ice            0%           89%         1
 Magic Dart               Conj           0%           89%         1
 Sandblast                Erth           0%           89%         1
 Summon Small Mammal      Summ           0%           89%         1
 Blink                    Tloc           N/A          96%         2
 Call Imp                 Summ           0%           96%         2
 Ensorcelled Hibernation  Hex/Ice        0%           96%         2
 Passwall                 Tmut/Erth      0%           96%         2
 Searing Ray              Conj           0%           96%         2
 Slow                     Hex            0%           96%         2
 Call Canine Familiar     Summ           0%           99%         3
 Confusing Touch          Hex            0%           99%         3
 Conjure Flame            Conj/Fire      0%           99%         3
 Dazzling Flash           Conj/Hex       0%           99%         3
 Frozen Ramparts          Ice            0%           99%         3
 Lesser Beckoning         Tloc           0%           99%         3
 Mephitic Cloud           Conj/Pois/Air  0%           99%         3
 Ozocubu's Armour         Ice            0%           99%         3
 Stone Arrow              Conj/Erth      0%           99%         3
 Summon Guardian Golem    Hex/Summ       0%           99%         3
 Tukima's Dance           Hex            0%           99%         3
 Fulminant Prism          Conj/Hex       0%           100%        4
 Hailstorm                Conj/Ice       0%           100%        4
 Iskenderun's Mystic Bla  Conj/Tloc      0%           100%        4
 Petrify                  Tmut/Erth      0%           100%        4
 Summon Ice Beast         Ice/Summ       0%           100%        4
 Summon Lightning Spire   Summ/Air       0%           100%        4
 Alistair's Intoxication  Tmut/Pois      0%           100%        5
 Irradiate                Conj/Tmut      0%           100%        5
 Lee's Rapid Deconstruct  Erth           0%           100%        5
 Yara's Violent Unravell  Hex/Tmut       0%           100%        5
 Invisibility             Hex            0%           100%        6


Dungeon Overview and Level Annotations

Branches:
Dungeon (14/15)            Temple (0/1) D:4            Lair (6/6) D:11
 Shoals (0/4) Lair:4        Snake (4/4) Lair:4        Slime (0/5) Lair:5
    Orc (0/2) D:12         Vaults (0/5) D:14         Bailey (visited)
Gauntlet (visited)

Altars:
Ashenzari
Cheibriados
Dithmenos
Gozag
Hepliaklqana
Makhleb
Okawaru
Qazlal
Ru
Sif Muna
Uskayaw
Zin
The Shining One
Lugonu

Shops:
D:4 *   D:6 (   D:12 ([

Annotations:
D:7 2 transporters
D:13 hoard
Lair:6 3 runed translucent doors, Ikheod's ghost, journeyman MfGl
Snake:4 Mara


Innate Abilities, Weirdness & Mutations

You reflexively headbutt those who attack you in melee.
You have a pair of horns on your head.


Message History

Mara hits Mara with a +2 demon trident of draining!!
You block Mara's attack. x2; Mara misses Mara.
It was a potion of curing.
You feel better.
Mara hits Mara with a +2 demon trident of draining!
Mara dies!
Mara blinks!
You block Mara's attack.
You blink.
Mara hits you from afar with a +2 demon trident of draining!
* * * LOW HITPOINT WARNING * * *
You partially resist.
You feel drained.
* * * LOW HITPOINT WARNING * * *
Mara gestures at Mara.
The bolt of fire hits Mara.
Mara resists.
Mara hits you from afar with a +2 demon trident of draining!
* * * LOW HITPOINT WARNING * * *
You partially resist.
You feel drained.
Mara hits you with a +2 demon trident of draining!
* * * LOW HITPOINT WARNING * * *
You partially resist.
You feel drained.
You die...

.# #..(###.....# )####
###...#...#.###
[[).###....##.....#
.....).).........##
..#..))[....###.##
..#.####.#......#
............).####
#......#.........###
................@R§###
.#......##....R......#
........##.##....R§..##
...........#####......####
.###......#####......)@()#
...................#####)##
.#.################# #..).#
##.# #..).# ##.# ##....##


You could see 2 Maras, Kejsarherre's illusion and the friendly Mara (summoned,
fast, drained).

Vanquished Creatures
  2 storm dragons (D:14)
  5 nagarajas
  Aizul (Snake:4)
  A dire elephant (Lair:6)
  A yaktaur captain (D:14)
  3 boulder beetles
  14 naga warriors
  3 catoblepae
  6 hydras
  4 anacondas
  A death knight (D:12)
  14 death yaks
  2 centaur warriors
  4 two-headed ogres
  A deep troll shaman (Lair:6)
  A tengu warrior (D:13)
  13 naga sharpshooters
  3 shock serpents
  Nergalle (D:11)
  A skeletal warrior (D:12)
  5 sea snakes (Snake:1)
  6 naga ritualists
  2 unseen horrors (D:11)
  Pikel (D:6)
  A necromancer (Lair:5)
  A phantasmal warrior (D:12)
  An orc knight (Bailey)
  6 mana vipers
  2 oklob plants (Lair:4)
  An ugly thing (D:12)
  2 cyclopes
  10 salamanders
  12 elephants
  A moth of wrath (shapeshifter) (D:14)
  A manticore (D:14)
  7 guardian serpents
  39 black mambas
  A gargoyle (Gauntlet)
  A torpor snail (Lair:5)
  4 rime drakes
  Maggie (D:8)
  17 naga magi
  7 cane toads
  11 komodo dragons
  2 efreet (D:13)
  7 polar bears
  2 hornets (D:11)
  3 meliai (D:14)
  5 trolls
  A queen bee (D:9)
  A wolf spider simulacrum (D:14)
  22 blink frogs
  Grinder (D:4)
  A raiju (shapeshifter) (D:14)
  A meliai zombie (D:13)
  2 dream sheep
  A centaur simulacrum (D:14)
  3 shadows
  5 wraiths
  30 yaks
  A water elemental (D:14)
  7 vampire mosquitoes
  3 basilisks
  10 wyverns
  A redback simulacrum (Gauntlet)
  2 swamp worms (Gauntlet)
  53 nagas
  2 wargs
  An acid dragon (D:11)
  A harpy simulacrum (Gauntlet)
  17 water moccasins
  A meliai simulacrum (Gauntlet)
  2 eyes of draining
  11 orc warriors
  2 black bears
  2 elephant zombies (Lair:5)
  4 ice beasts
  4 sky beasts
  2 necrophages
  10 ogres
  9 phantoms
  36 wolves
  A boggart (D:14)
  13 centaurs
  A lemure (D:6)
  A komodo dragon zombie (Lair:5)
  20 bullfrogs
  4 big kobolds
  2 wyvern zombies
  A gnoll sergeant (D:10)
  A wyvern skeleton (D:9)
  4 scorpions
  29 killer bees
  8 wights
  3 howler monkeys
  12 electric eels
  4 bullfrog zombies
  A quasit (D:8)
  7 centaur skeletons
  4 centaur zombies
  4 jellies
  6 hounds
  8 orc priests
  17 orc wizards
  3 bullfrog skeletons
  Natasha (twice) (D:3)
  4 hell rats (Lair:5)
  3 iguanas
  8 worker ants
  A hound skeleton (D:7)
  24 gnolls
  14 adders
  7 river rats (Lair:5)
  5 shadow imps
  A white imp (D:9)
  2 ufetubi (D:8)
  2 oozes
  An adder zombie (D:6)
  3 worms
  2 dart slugs
  4 leopard geckos
  63 orcs
  3 giant cockroaches
  7 goblins
  15 hobgoblins
  7 jackals
  36 kobolds
  3 quokkas
  A ball python (D:4)
  5 bats
  3 frilled lizards
  A jackal skeleton (D:5)
  2 quokka zombies (D:8)
  8 rats
880 creatures vanquished.

Vanquished Creatures (collateral kills)
  A minotaur (Gauntlet)
  A rime drake (Lair:4)
2 creatures vanquished.

Vanquished Creatures (others)
  A killer bee (D:9)
  40 fungi
  97 plants
138 creatures vanquished.

Grand Total: 1020 creatures vanquished

Notes
Turn   | Place    | Note
-------+----------+-------------------------------------------
     0 | D:1      | Kejsarherre the Minotaur Fighter began the quest for the
                  | Orb.
     0 | D:1      | Reached XP level 1. HP: 19/19 MP: 0/0
   105 | D:1      | Reached skill level 3 in Axes
   152 | D:1      | Reached XP level 2. HP: 26/26 MP: 1/1
   479 | D:1      | Reached skill level 4 in Axes
   592 | D:2      | Reached XP level 3. HP: 31/31 MP: 2/2
   878 | D:2      | Noticed a sky beast
   959 | D:2      | Reached skill level 5 in Axes
   990 | D:2      | Reached XP level 4. HP: 39/39 MP: 3/3
  1020 | D:2      | Found a broken altar of Ashenzari.
  1026 | D:2      | Found a hazy altar of Hepliaklqana.
  1153 | D:2      | Found a faded altar of an unknown god.
  1338 | D:2      | Killed a sky beast
  1339 | D:2      | Reached skill level 6 in Axes
  1339 | D:2      | Reached XP level 5. HP: 5/47 MP: 4/4
  1913 | D:3      | Found a snail-covered altar of Cheibriados.
  1946 | D:3      | Reached skill level 5 in Fighting
  2089 | D:3      | Noticed Natasha
  2096 | D:3      | Killed Natasha
  2268 | D:3      | Noticed Natasha
  2272 | D:3      | Killed Natasha
  2273 | D:3      | Reached XP level 6. HP: 51/56 MP: 5/5
  2274 | D:3      | Found a snail-covered altar of Cheibriados.
  2427 | D:4      | Found a staircase to the Ecumenical Temple.
  2432 | D:4      | Noticed Grinder
  2445 | D:4      | Killed Grinder
  2446 | D:4      | Reached skill level 7 in Axes
  2565 | D:4      | Reached XP level 7. HP: 63/64 MP: 6/6
  2633 | D:4      | Found Xowke's General Store.
  2671 | D:4      | Reached skill level 8 in Axes
  2952 | D:4      | Found an iron altar of Okawaru.
  2983 | D:4      | Got an ancient hand axe
  2996 | D:4      | Identified the +2 hand axe of Gonoemaf {flame, SInv} (You
                  | found it on level 4 of the Dungeon)
  3101 | D:4      | Found a stormy altar of Qazlal.
  3204 | D:5      | Entered Level 5 of the Dungeon
  3373 | D:5      | Found a sacrificial altar of Ru.
  3507 | D:5      | Reached skill level 9 in Axes
  3507 | D:5      | Reached XP level 8. HP: 74/74 MP: 7/7
  3509 | D:5      | Reached skill level 1 in Throwing
  3739 | D:5      | Reached skill level 5 in Shields
  4250 | D:6      | Found Quotaotos's Hydra Hut.
  4251 | D:6      | Noticed a seven-headed hydra
  4255 | D:6      | Bought a +1 broad axe of flaming for 184 gold pieces
  4351 | D:6      | Found a glowing silver altar of Zin.
  4351 | D:6      | Found a burning altar of Makhleb.
  4352 | D:6      | Noticed a cacodemon
  4352 | D:6      | Noticed an angel
  4404 | D:6      | Reached skill level 10 in Axes
  5107 | D:6      | Noticed Pikel
  5115 | D:6      | Killed Pikel
  5116 | D:6      | Reached XP level 9. HP: 49/80 MP: 8/8
  5377 | D:7      | Found a transporter.
  5377 | D:7      | Noticed a red ugly thing
  5377 | D:7      | Noticed a white ugly thing
  5378 | D:7      | Found a corrupted altar of Lugonu.
  5379 | D:7      | Noticed a purple ugly thing
  5379 | D:7      | Noticed a purple ugly thing
  5483 | D:7      | Reached skill level 5 in Throwing
  5599 | D:7      | Found a shimmering blue altar of Sif Muna.
  5619 | D:7      | Reached skill level 11 in Axes
  5723 | D:7      | Found a transporter.
  6387 | D:8      | Found a shadowy altar of Dithmenos.
  6496 | D:8      | Noticed Maggie
  6502 | D:8      | Killed Maggie
  6719 | D:8      | Reached skill level 12 in Axes
  7001 | D:8      | Found a shadowy altar of Dithmenos.
  7317 | D:9      | Reached XP level 10. HP: 88/88 MP: 9/9
  7737 | D:9      | Found a glowing golden altar of the Shining One.
  7778 | D:9      | Reached skill level 13 in Axes
  8142 | D:9      | Reached skill level 10 in Shields
  8330 | D:9      | Found an opulent altar of Gozag.
  8449 | D:9      | Noticed a cyclops
  8455 | D:9      | Killed a cyclops
  8456 | D:9      | Reached skill level 14 in Axes
  8756 | D:10     | Entered Level 10 of the Dungeon
  8943 | D:10     | Reached XP level 11. HP: 90/93 MP: 10/10
  9300 | D:10     | Found a burning altar of Makhleb.
  9341 | D:10     | Noticed a cacodemon
  9884 | D:11     | Killed an unseen horror
  9934 | D:11     | Noticed a boulder beetle
  9951 | D:10     | Killed a boulder beetle
 10517 | D:11     | Found a staircase to the Lair.
 10653 | D:11     | Noticed Nergalle
 10660 | D:11     | Killed Nergalle
 11004 | D:11     | Killed an unseen horror
 11299 | Lair:1   | Entered Level 1 of the Lair of Beasts
 11330 | Lair:1   | You fall into a shaft and drop 1 floor!
 11667 | Lair:1   | Reached XP level 12. HP: 101/101 MP: 11/11
 11676 | Lair:1   | Reached skill level 15 in Shields
 11795 | Lair:1   | Reached skill level 1 in Evocations
 12819 | Lair:2   | Reached skill level 5 in Evocations
 13097 | Lair:2   | Reached skill level 1 in Dodging
 14559 | Lair:4   | Found a staircase to the Snake Pit.
 14564 | Lair:4   | Noticed a seven-headed hydra
 14575 | Lair:4   | Killed a four-headed hydra
 14576 | Lair:4   | Reached skill level 5 in Armour
 15019 | Lair:4   | Reached skill level 10 in Fighting
 15035 | Lair:4   | Noticed a four-headed hydra
 15063 | Lair:4   | Killed a two-headed hydra
 15086 | Lair:4   | Noticed a death yak
 15086 | Lair:4   | Noticed a death yak
 15096 | Lair:4   | Killed a death yak
 15097 | Lair:4   | Killed a death yak
 15098 | Lair:4   | Reached XP level 13. HP: 51/114 MP: 11/12
 15503 | Lair:4   | Reached skill level 5 in Dodging
 15946 | Lair:4   | Found a staircase to the Shoals.
 16553 | Lair:4   | Found the +8 whip "Snakebite" {curare, rPois}
 16815 | Lair:6   | Entered Level 6 of the Lair of Beasts
 17712 | Lair:5   | Found a staircase to the Slime Pits.
 18424 | Lair:5   | You fall into a shaft and drop 1 floor!
 18436 | Lair:5   | Reached skill level 10 in Armour
 18634 | Lair:6   | Reached skill level 15 in Axes
 19341 | Lair:6   | Found a runed translucent gate.
 19417 | Lair:6   | Reached XP level 14. HP: 124/124 MP: 13/13
 19572 | Lair:6   | Reached skill level 10 in Dodging
 19983 | Lair:6   | Reached skill level 16 in Axes
 20329 | Lair:6   | Found a runed translucent gate.
 20330 | Lair:6   | Found a runed translucent gate.
 20335 | Lair:6   | Noticed Ikheod's ghost (journeyman MfGl)
 20627 | Lair:6   | Reached skill level 17 in Axes
 21260 | D:12     | Found Afufofes's Armour Shoppe.
 21621 | D:12     | Found a staircase to the Orcish Mines.
 21624 | D:12     | Found Ciodyzot's Weapon Shoppe.
 21662 | D:12     | Found a frozen archway.
 21688 | D:12     | Reached skill level 18 in Axes
 21707 | D:12     | Found a flagged portal.
 21716 | Bailey   | Entered a bailey
 22924 | D:13     | Found a gate leading to a gauntlet.
 22942 | Gauntlet | Entered a Gauntlet
 22942 | Gauntlet | Found a transporter.
 22942 | Gauntlet | Found a transporter.
 22943 | Gauntlet | Found a runed translucent door.
 23000 | Gauntlet | Found a transporter.
 23001 | Gauntlet | Found a transporter.
 23002 | Gauntlet | Found a transporter.
 23002 | Gauntlet | Found a transporter.
 23034 | Gauntlet | Found a transporter.
 23038 | Gauntlet | Found a transporter.
 23054 | Gauntlet | Found a transporter.
 23063 | Gauntlet | Found a transporter.
 23078 | Gauntlet | Found a transporter.
 23082 | Gauntlet | Found a transporter.
 23210 | Gauntlet | Got a heavily runed bone ring
 23214 | Gauntlet | Identified the ring "Eplet" {rC+ AC+4 Str+3 Int+2} (You
                  | found it in a Gauntlet)
 23300 | Gauntlet | Got a faintly glowing hat
 23306 | Gauntlet | Identified the +2 hat of Cogeq {*Corrode rElec rPois
                  | Slay+3} (You found it in a Gauntlet)
 23404 | Gauntlet | Got a slimy battleaxe
 23417 | Gauntlet | Identified the +9 demon trident "Pibasse" {elec, Dex+3}
 23417 | Gauntlet | Identified the ring of Qisyrph {+Blink rN+}
 23509 | Gauntlet | Got a wavering bone ring
 23512 | Gauntlet | Identified the ring of Balance {Int+6 Dex+7} (You found it
                  | in a Gauntlet)
 23517 | Gauntlet | Identified the Almanac of Transformation
 24583 | D:14     | Found a gate to the Vaults.
 24593 | D:14     | Reached XP level 15. HP: 135/135 MP: 9/14
 25008 | D:14     | Noticed a storm dragon
 25184 | D:14     | Killed a storm dragon
 25185 | D:14     | Reached skill level 15 in Fighting
 25188 | D:14     | Reached skill level 19 in Axes
 25189 | D:14     | Noticed a storm dragon
 25201 | D:14     | Killed a storm dragon
 25404 | D:14     | Noticed a fire giant
 25627 | Snake:1  | Entered Level 1 of the Snake Pit
 27898 | Snake:2  | Reached skill level 20 in Axes
 29048 | Snake:3  | Found a hide-covered altar of Uskayaw.
 29096 | Snake:3  | Reached XP level 16. HP: 157/157 MP: 15/15
 30891 | Snake:4  | Entered Level 4 of the Snake Pit
 31638 | Snake:4  | Found a broken altar of Ashenzari.
 32127 | Snake:4  | Found the +3 pair of gauntlets of War {Slay+5}
 32887 | Snake:4  | Noticed Aizul
 32887 | Snake:4  | Noticed Mara
 32905 | Snake:4  | Killed Aizul
 33198 | Snake:4  | Noticed Kejsarherre's illusion
 33226 | Snake:4  | HP: 2/135 [Mara (illusionary)/+2 demon trident of draining
                  | (13)]
 33226 | Snake:4  | Slain by Mara (illusionary)

Illustrated notes

Levels and vault maps discovered:
D:1:      saegor_arrival_simple_c, layout_basic
D:2:      layout_basic, minitemple, chequers_ecumenical_altar_twisty
D:3:      layout_basic, kennysheep_slug_shrine, kennysheep_flooded_box,
          minmay_cupped, uniq_natasha
D:4:      layout_cave_pools, okawaru_ov_weapons_minmay,
          minmay_temple_entry_stoned_glass, serial_shops, shop,
          grunt_qazlal_clouds, uniq_grinder
D:5:      layout_basic, kennysheep_mini_moat
D:6:      layout_basic, grunt_temple_overflow_order_and_chaos_2,
          grunt_ministairs_2, minmay_misc_feat_square, doesnt_shop_hydraphobe,
          uniq_pikel
D:7:      gammafunk_corrupted_shrine, layout_loops_cross, lemuel_crystal_altar
D:8:      layout_basic, marbit_many_paths, nicolae_dithmenos_the_darkroom,
          uniq_maggie
D:9:      layout_roguey [special_room_bee],
          nicolae_gozag_cash_rules_everything_around_me,
          nicolae_overflow_hidden_temple, lightli_minifort
D:10:     layout_small_grid, makhleb_altar_promises_db
D:11:     cheibrodos_elevator_heist, layout_long_grid,
          erik_lair_orcish_takeover, uniq_nergalle
D:12:     layout_loops_ring, orc_david_3, portal_ice_cave_rime, enter_bailey_2
D:13:     layout_stronghold, gauntlet_entry_generic
D:14:     minmay_strange_plus, layout_basic, amcnicky_mini_pool_medium
Lair:1:   layout_regular_city
Lair:2:   layout_roguey, serial_bayou_shore_b
Lair:3:   layout_gridlike, lemuel_fruit_fields
Lair:4:   minmay_guarded_unrand_snakebite, layout_small_grid,
          elwin_shoals_entry_rooms, beast_lair_carwin_8,
          minmay_lair_oklob_chamber, lemuel_fruit_tree
Lair:5:   pond_and_an_island_with_a_cottage, layout_regular_city, slime_dummy,
          kennysheep_abandoned_house
Lair:6:   grunt_lair_end_beastmaster, layout_small_grid,
          gammafunk_ghost_necromancy, lemuel_old_faithful
Snake:1:  layout_basic, serial_bayou, serial_bayou_pond_e, serial_bayou_ford_a,
          serial_bayou_shore_a, serial_bayou_lagoon_a, grunt_ministairs_13
Snake:2:  kennysheep_six_static_rooms, layout_layer_cave, st_stairs_3,
          grunt_megastairs_5
Snake:3:  layout_basic, basic_altar, grunt_megastairs_2
Snake:4:  minmay_snake_end_coiled, layout_misc_corridors, basic_altar,
          uniq_aizul, uniq_mara

Skill      XL: |  1  2  3  4  5  6  7  8  9 10 11 12 13 14 15 16 |
---------------+-------------------------------------------------+-----
Axes           | 3 4 5 6 7 9 10 12 14 15 18 20 | 20.0
Fighting       | 4 5 6 7 10 11 13 18 | 18.0
Shields        | 4 7 8 10 14 15 | 15.0
Throwing       | 4 5 |  5.0
Evocations     | 5 6 |  6.1
Armour         | 6 10 13 | 13.4
Dodging        | 4 9 10 13 | 13.0

Action                   |  1- 3 |  4- 6 |  7- 9 | 10-12 | 13-15 | 16-18 || total
-------------------------+-------+-------+-------+-------+-------+-------++-------
Melee: War axe           |    63 |    97 |   119 |       |       |       ||   279
       Headbutt          |    10 |    15 |    41 |   120 |   267 |    82 ||   535
       Broad axe         |       |       |   148 |   655 |  1033 |   295 ||  2131
Throw: Dart              |       |     2 |    18 |    42 |    46 |       ||   108
       Javelin           |       |       |    15 |     7 |     6 |     4 ||    32
       Boomerang         |       |       |       |   121 |   298 |   160 ||   579
       Throwing net      |       |       |       |     2 |       |       ||     2
 Abil: Evoke Blink       |       |       |       |       |       |     1 ||     1
Evoke: Wand              |       |     1 |     2 |     4 |       |     1 ||     8
       Condenser vane    |       |       |       |     2 |     3 |     2 ||     7
       Phantom mirror    |       |       |       |     1 |     1 |     1 ||     3
       Tin of tremorston |       |       |       |       |     3 |       ||     3
       Phial of floods   |       |       |       |       |     1 |       ||     1
       Box of beasts     |       |       |       |       |       |     1 ||     1
  Use: Potion            |       |       |       |       |       |     2 ||     2
 Stab: Held in net/web   |       |       |       |     2 |       |       ||     2
Armor: Scale mail        |    35 |    25 |       |       |       |       ||    60
       Plate armour      |       |    22 |   174 |   189 |       |       ||   385
       Chain mail        |       |       |       |    95 |   279 |   101 ||   475
Dodge: Dodged            |    25 |    19 |    52 |   138 |   367 |   110 ||   711
Block: Kite shield       |    36 |    48 |   120 |   412 |   664 |   208 ||  1488
